Map: Dusty Gorge

Players

Wayneking - Winner!

  • Race: Zerg Zerg
  • Spawn Location: 9:00

WankelEngine - Winner!

  • Race: Terran Terran
  • League: Diamond
  • Spawn Location: 11:00

OpuS

  • Race: Protoss Protoss
  • League: Platinum
  • Spawn Location: 3:00

Sketchaphone

  • Race: Zerg Zerg
  • League: Platinum
  • Spawn Location: 5:00

VOD

Have the link to the VOD?

Description

Time

  • Played on: Feb. 25, 2019, 8:36 p.m.
  • Length: 14:21
Show
View Real Time Build Order
Export as new Build Order

Wayneking Zerg - Winner!

Build Orders: Hatch First 

Get SALT Encoding   

  12  0:01  Drone  
  13  0:12  Overlord  
  13  0:21  Drone  
  14  0:32  Drone x2  
  14  0:35  Drone  
  17  0:59  Drone, Hatchery  
  17  1:03  Extractor  
  16  1:05  Drone  
  17  1:22  Spawning Pool  
  17  1:23  Drone  
  17  1:48  Overlord  
  17  2:11  Metabolic Boost  
  17  2:12  Zergling x4  
  17  2:13  Zergling x4  
  17  2:14  Queen  
  23  2:17  Queen  
  25  2:25  Overlord  
  25  2:35  Zergling x6  
  28  2:59  Zergling x4  
  28  3:00  Zergling x4  
  32  3:20  Zergling x8  
  30  3:48  Zergling x2  
  30  3:49  Zergling x12  
  30  4:52  Zergling x12  
  35  4:53  Zergling x14  
  34  5:23  Zergling x8  
  34  5:26  Zergling x10  
  34  5:27  Zergling x2  
  41  6:16  Zergling x4  
  37  6:52  Zergling x16  
  37  6:53  Zergling x8  
  44  6:54  Zergling x2  
  44  6:56  Zergling x2  
  24  8:05  Zergling x14  
  26  8:06  Zergling x16  
  26  8:07  Zergling x6  
  39  8:16  Roach Warren  
  38  8:21  Drone x2  
  30  9:28  Extractor  
  30  9:29  Drone x5  
  30  9:30  Drone  
  29  9:32  Zergling x4  
  29  9:33  Zergling x12  
  35  10:04  Lair  
  35  10:57  Roach  
  35  10:58  Roach x3  
  35  11:01  Overlord x2  
  28  11:52  Queen  
  24  12:11  Extractor  
  23  12:16  Roach Warren  
  22  12:24  Zergling x14  
  22  12:25  Zergling x10  
  32  12:43  Hatchery  
  24  13:04  Hatchery  
  22  14:14  Spawning Pool  
Show
View Real Time Build Order
Export as new Build Order

WankelEngine Terran - Winner!

Build Orders: 1/1/1, Hellion Banshee 

Get SALT Encoding   

  12  0:01  SCV  
  13  0:13  SCV  
  14  0:24  Supply Depot  
  14  0:25  SCV  
  15  0:30  Refinery  
  15  0:45  SCV  
  15  0:48  Barracks  
  16  0:57  SCV  
  17  1:06  Refinery  
  17  1:09  SCV  
  18  1:22  SCV  
  19  1:39  Orbital Command  
  19  1:41  Factory  
  19  1:45  Reaper  
  20  2:03  Supply Depot  
  20  2:06  SCV  
  21  2:22  Barracks Tech Lab  
  21  2:25  Starport  
  23  2:31  SCV  
  22  2:37  Factory Reactor  
  22  2:44  SCV  
  23  2:50  Command Center  
  23  3:19  Hellion x2, Cloaking Field  
  27  3:21  Banshee  
  27  3:25  Barracks Tech Lab  
  30  3:32  Supply Depot  
  29  3:58  Hellion x2  
  33  4:03  Stimpack  
  33  4:04  Barracks  
  33  4:08  Orbital Command  
  33  4:17  Banshee  
  36  4:27  SCV  
  36  4:31  Marine  
  37  4:35  Hellion x2  
  42  4:42  SCV  
  43  4:56  Barracks Reactor  
  43  4:57  Barracks  
  43  5:00  Banshee  
  44  5:30  SCV  
  45  5:40  Orbital Command  
  45  5:42  Marine x3, SCV  
  36  5:48  Factory Tech Lab  
  36  6:10  SCV x2  
  38  6:15  Engineering Bay x2  
  38  6:16  Starport Reactor  
  38  6:17  Siege Tank  
  38  6:18  Armory  
  38  6:22  SCV x2  
  38  6:24  Marine x2  
  38  6:25  Marine x2  
  44  6:26  Marauder  
  46  6:34  SCV x2  
  48  6:46  SCV  
  49  6:55  Marine x4  
  49  6:56  Combat Shield  
  49  6:59  Medivac x2  
  54  7:03  Supply Depot  
  54  7:06  Supply Depot, Siege Tank, SCV x2  
  54  7:07  Marauder, Supply Depot  
  61  7:11  Barracks  
  61  7:13  Terran Infantry Weapons Level 1  
  61  7:14  Terran Infantry Armor Level 1  
  61  7:18  SCV  
  62  7:24  Marine x3, SCV  
  66  7:30  SCV  
  66  7:31  Marine  
  66  7:32  Marauder  
  69  7:42  Marine  
  69  7:43  Marine  
  70  7:47  Barracks  
  70  7:50  Siege Tank  
  73  7:54  Marine x2  
  75  8:07  Barracks Reactor, Marine  
  75  8:08  Marine  
  75  8:09  Marauder, SCV x2  
  81  8:15  Supply Depot  
  81  8:21  SCV  
  81  8:22  SCV  
  81  8:25  Marine x2  
  84  8:30  Concussive Shells  
  84  8:33  SCV  
  84  8:34  SCV  
  78  8:46  SCV  
  78  8:47  Marine x5  
  78  8:48  Marauder, Marine  
  87  8:49  Medivac x2, Marauder  
  93  9:06  Command Center  
  93  9:21  Marine  
  93  9:22  Marine x2  
  94  9:26  Supply Depot  
  94  9:32  Terran Infantry Weapons Level 2  
  94  9:33  Marine x3  
  94  9:34  Marauder x2  
  101  9:38  Supply Depot  
  101  9:41  Supply Depot  
  101  9:46  Refinery  
  101  9:47  Refinery  
  101  9:50  Supply Depot  
  101  9:51  SCV x2, Supply Depot  
  101  9:52  Marine x3  
  104  9:53  Supply Depot  
  104  9:57  Medivac  
  108  10:03  SCV x2  
  104  10:18  Siege Tank  
  107  10:21  Medivac  
  106  10:46  Medivac, Marine  
  106  10:47  Marine x4  
  106  10:48  Marauder x2  
  113  11:03  Marine  
  114  11:04  Marine x2  
  114  11:05  Medivac  
  114  11:07  SCV x2  
  114  11:09  Orbital Command  
  114  11:11  Refinery  
  120  11:19  SCV x2  
  120  11:20  Supply Depot  
  120  11:21  Supply Depot  
  122  11:50  Marine x6  
  122  11:51  Marauder x2  
  132  11:57  Siege Tank  
  132  12:00  Barracks  
  135  12:01  Barracks  
  129  12:46  Marine x4  
  129  12:47  Marauder, Marine  
  129  12:48  Medivac x2, Marauder  
  129  12:49  Siege Tank  
  140  13:57  Marine x3  
  140  14:00  Barracks Reactor, Barracks Tech Lab  
  146  14:03  Fusion Core  
  146  14:07  Starport  
Show
View Real Time Build Order
Export as new Build Order

OpuS Protoss 

Build Orders:  

Get SALT Encoding   

  12  0:01  Probe  
  13  0:13  Probe  
  14  0:20  Pylon  
  15  0:28  Probe  
  15  0:42  Probe, Gateway  
  16  0:52  Assimilator  
  16  0:54  Probe, Assimilator  
  17  1:06  Probe  
  17  1:10  Gateway  
  18  1:14  Probe  
  19  1:22  Probe  
  20  1:41  Probe  
  20  1:43  Cybernetics Core  
  20  1:45  Pylon  
  21  1:49  Probe  
  22  1:58  Probe  
  23  2:10  Probe  
  23  2:12  Warp Gate  
  24  2:21  Stalker x2  
  27  2:31  Probe  
  28  2:40  Pylon  
  28  2:58  Stalker x2  
  32  3:17  Nexus  
  32  3:24  Robotics Facility  
  32  3:26  Pylon  
  27  3:46  Probe  
  22  4:05  Adept  
  23  4:14  Adept  
  23  4:16  Pylon  
  25  4:19  Gateway  
  25  4:21  Observer  
  26  4:30  Adept  
  28  4:38  Probe x2  
  30  4:41  Adept  
  32  4:50  Probe x2  
  34  4:54  Observer  
  35  5:00  Stalker  
  35  5:02  Stalker  
  39  5:10  Gateway  
  39  5:11  Probe x2  
  41  5:30  Stalker x2  
  41  5:31  Stalker  
  41  5:34  Probe x2  
  45  5:52  Probe  
  45  5:53  Probe  
  39  6:04  Probe  
  40  6:15  Probe  
  40  6:17  Probe  
  42  6:23  Twilight Council  
  42  6:27  Probe  
  42  6:29  Probe  
  42  6:30  Gateway, Blink  
  44  6:32  Gateway  
  44  6:35  Gateway  
  44  6:38  Gateway  
  41  7:06  Probe x2  
  43  7:19  Probe x2, Forge  
  45  7:28  Zealot x3  
  45  7:29  Zealot  
  53  7:31  Zealot, Probe  
  56  7:44  Probe x2  
  56  7:47  Pylon  
  56  7:50  Assimilator  
  58  7:52  Protoss Ground Weapons Level 1  
  58  7:54  Assimilator  
  58  8:05  Pylon  
  58  8:07  Photon Cannon  
  58  8:10  Probe x2  
  60  8:31  Charge  
  48  8:43  Adept x3  
  48  8:44  Adept x4  
  48  8:45  Adept  
  64  8:52  Probe x2  
  62  9:04  Probe  
  62  9:07  Stalker  
  62  9:08  Stalker  
  62  9:09  Stalker  
  69  9:21  Probe  
  69  9:22  Probe  
  69  9:31  Adept x2  
  69  9:32  Adept x2  
  69  9:33  Adept x3  
  69  9:34  Probe  
  84  9:56  Templar Archives  
  84  10:00  Nexus  
  84  10:03  Zealot  
  78  10:08  Pylon  
  78  10:11  Pylon  
  52  10:22  Robotics Bay  
  52  10:30  Zealot x3  
  52  10:31  Zealot x4  
  66  10:42  Dark Shrine  
  60  10:54  Zealot x2  
  43  11:11  Nexus  
  43  11:16  Pylon  
  43  11:18  Pylon  
  40  11:19  Probe  
  30  11:39  Robotics Bay  
  30  11:41  Cybernetics Core  
  14  12:20  Robotics Facility  
  12  12:23  Probe  
  13  12:38  Probe  
  13  12:39  Probe  
  15  12:58  Probe x2  
  17  13:01  Colossus  
  23  13:21  Assimilator  
  23  13:25  Probe  
  24  13:28  Probe  
  24  13:34  Assimilator  
  25  13:40  Probe x2  
  27  13:52  Probe  
  27  13:53  Probe  
  29  14:04  Probe  
  29  14:05  Probe  
Show
View Real Time Build Order
Export as new Build Order

Sketchaphone Zerg 

Build Orders: Hatch First 

Get SALT Encoding   

  12  0:01  Drone  
  13  0:13  Overlord  
  13  0:18  Drone  
  14  0:23  Extractor  
  14  0:24  Drone  
  15  0:35  Drone x2  
  17  0:58  Hatchery  
  17  1:03  Drone  
  18  1:04  Drone  
  18  1:07  Extractor  
  17  1:21  Spawning Pool  
  17  1:24  Drone  
  17  1:27  Drone  
  17  1:30  Drone  
  19  1:38  Overlord  
  19  1:50  Drone  
  20  2:01  Drone  
  21  2:07  Queen  
  23  2:11  Queen  
  25  2:16  Zergling x2  
  25  2:18  Drone  
  27  2:24  Drone x2  
  27  2:26  Metabolic Boost  
  29  2:36  Drone  
  30  2:43  Drone  
  30  2:44  Drone x2  
  32  3:07  Lair  
  32  3:12  Overlord  
  32  3:14  Hatchery, Drone  
  32  3:15  Drone x2  
  34  3:20  Zergling x2  
  34  3:21  Zergling x2  
  34  3:27  Overlord  
  36  3:29  Overlord  
  36  3:31  Zergling x2  
  36  3:33  Zergling x2  
  38  3:35  Zergling x2  
  38  3:39  Zergling x4  
  38  3:41  Zergling x2  
  42  3:50  Zergling x2  
  42  3:54  Drone x2  
  42  4:03  Overlord, Drone  
  42  4:04  Evolution Chamber, Drone x2  
  42  4:14  Zergling x2  
  42  4:15  Zergling x2  
  43  4:25  Evolution Chamber  
  43  4:26  Zergling x12  
  43  4:29  Evolution Chamber  
  46  4:34  Zerg Ground Armor Level 1  
  46  4:38  Drone x2  
  47  4:41  Drone  
  47  4:42  Overlord, Drone  
  49  4:47  Zergling x6  
  49  4:51  Zergling x2  
  46  4:56  Zerg Melee Weapons Level 1  
  36  5:00  Queen  
  36  5:02  Zergling x2  
  27  5:19  Drone x5  
  31  5:22  Overseer  
  31  5:34  Drone x3  
  32  5:52  Drone x7  
  38  6:01  Overseer  
  35  6:13  Zergling x16  
  41  6:19  Queen  
  41  6:22  Zergling x2  
  44  6:31  Zergling x6  
  41  6:51  Zergling x12  
  39  6:58  Zergling x2  
  39  6:59  Zergling x2  
  39  7:02  Spine Crawler  
  39  7:03  Spine Crawler  
  39  7:05  Spine Crawler  
  39  7:08  Zergling x4  
  37  7:15  Drone x2  
  37  7:23  Drone x2  
  39  7:30  Queen  
  39  7:36  Zergling x4  
  43  7:57  Zergling x10  
  45  7:59  Drone  
  45  8:03  Drone  
  45  8:09  Drone  
  46  8:21  Drone x2  
  46  8:22  Hatchery  
  39  8:50  Zergling x16  
  47  9:00  Zergling x4  
  48  9:03  Zergling x2  
  48  9:05  Zergling x2  
  48  9:22  Zergling x4  
  43  9:28  Zerg Melee Weapons Level 2  
  43  9:30  Zergling x4  
  42  9:32  Queen  
  42  9:39  Spine Crawler  
  42  9:42  Zergling x14  
  48  9:51  Zerg Ground Armor Level 2  
  48  9:52  Zergling x2  
  49  9:53  Zergling x4  
  49  9:55  Queen  
  47  10:24  Infestation Pit  
  47  10:26  Extractor  
  47  10:28  Zergling x22  
  55  10:41  Zergling x6  
  48  10:50  Zergling x2  
  48  10:51  Zergling x2  
  50  10:57  Overlord  
  50  10:58  Overlord x2  
  50  11:03  Pathogen Glands  
  50  11:08  Overlord  
  50  11:21  Zergling x22  
  50  11:25  Zergling x2  
  60  11:27  Zergling x2  
  60  11:30  Queen  
  60  11:31  Zergling x2  
  58  11:46  Zergling x8  
  53  11:52  Zergling x2  
  54  11:58  Zergling x10  
  54  11:59  Zergling x2  
  60  12:01  Zergling x4  
  60  12:02  Zergling x2  
  60  12:07  Infestor x2  
  60  12:08  Infestor  
  60  12:29  Zergling x2  
  62  12:30  Zergling x14  
  45  12:42  Zergling x2  
  46  12:47  Extractor  
  45  12:52  Extractor  
  29  13:26  Spawning Pool  
  27  13:37  Drone  
Tags
 
Add a new tag
Caveats
  • Supply blocks, unpowered buildings, or Contaminate may cause inaccurate times.
  • Supply counts are checked every 10 seconds.